 Dungeon Sprint DCSS version 0.30-a0-939-gc8157cb160 (webtiles) character file.

Game seed: 10517825059918137083

6 fozzywoppz the Ducker (level 1, -2/17 HPs)
             Began as a Demonspawn Gladiator on Mar 25, 2023.
             Killed by nerve-wracking pain
             ... invoked by a shadow imp
              (14 damage)
             ... in the Dungeon (Sprint IX: "|||||||||||||||||||||||||||||").
             The game lasted 00:00:30 (30 turns).

fozzywoppz the Ducker (Demonspawn Gladiator)          Turns: 30, Time: 00:00:31

Health: -2/17      AC:  4    Str: 14    XL:     1   Next: 75%
Magic:  1/1        EV: 12    Int:  9    God:
Gold:   0          SH:  0    Dex: 14    Spells: 0/0 levels left

rFire   . . .      SeeInvis .    a - +0 war axe
rCold   . . .      Faith    .    (no shield)
rNeg    . . .      Spirit   .    b - +0 leather armour
rPois   .          Reflect  .    c - +0 helmet
rElec   .          Rampage  .    (no cloak)
rCorr   .          NoTele   +    (no gloves)
Will    .....                    (no boots)
Stlth   +                        (no amulet)
HPRegen 0.22/turn                (no ring)
MPRegen 0.07/turn                (no ring)

@: no status effects
A: no striking features
a: no special abilities


You were in the Dungeon.
You visited 1 branch

Inventory:

Hand Weapons
 a - a +0 war axe (weapon)
Missiles
 d - 3 throwing nets (quivered)
 e - a javelin
Armour
 b - a +0 leather armour (worn)
 c - a +0 helmet (worn)
Scrolls
 k - a scroll of blinking
Potions
 f - a potion of curing
 g - a potion of heal wounds
 h - a potion of haste
 i - 2 potions of magic
 j - a potion of berserk rage


   Skills:
 + Level 2.6 Fighting
 + Level 3.1 Axes
 + Level 2.3 Throwing
 + Level 3.1 Dodging


You couldn't memorise any spells.
You didn't know any spells.
Your spell library was empty.

Dungeon Overview and Level Annotations

Branches:
Dungeon (1/1)

Altars:


Message History

Your Dodging skill increases to level 3!
You barely miss the quokka.
The quokka bites you but does no damage.
The quokka barely misses you.
You hit the quokka.
You kill the quokka!
You hit the goblin.
The goblin is moderately wounded.
The goblin closely misses you. The goblin hits you but does no damage.
You hit the goblin but do no damage.
The goblin is moderately wounded.
The goblin hits you but does no damage.
You closely miss the goblin.
The goblin is moderately wounded.
The goblin misses you.
You barely miss the goblin.
The goblin is moderately wounded.
The goblin misses you. The goblin barely misses you.
You slash the goblin!
You kill the goblin!
Items here: ( )) ††.
There is an open door to the Dungeon here.
Things that are here:
a jackal corpse; a rat corpse
Items here: ( )) ††.
Okay, then.
As you open the door, it creaks loudly!
A shadow imp, 2 gnolls and 2 ufetubi come into view.
The ufetubus shouts!
The shadow imp shouts, "Scamper hence, thou warped crook-pated hugger-mugger!"
The gnoll shouts! x2
You hit the shadow imp but do no damage.
The shadow imp gestures at you. Pain shoots through your body!
The shadow imp misses you.
You hit the shadow imp.
The shadow imp is moderately wounded.
The shadow imp gestures at you. Pain shoots through your body!
Ouch! That really hurt!
You die... ▓▓▓▓▓▓▓▓▓▓▓▓▓▓▓▓▓▓ ▓<...†)...@5g5g5.+ ▓▓▓▓▓▓▓▓▓▓▓▓▓▓▓▓▓▓

You could see 2 gnolls, a shadow imp and 2 ufetubi.

Vanquished Creatures
  A goblin (D)
  A jackal (D)
  A kobold (D)
  A quokka (D)
  A rat (D)
5 creatures vanquished.

Notes
Turn   | Place    | Note
-------+----------+-------------------------------------------
     0 | D        | fozzywoppz the Demonspawn Gladiator began the quest for the
                  | Orb.
     0 | D        | Reached XP level 1. HP: 16/16 MP: 1/1
    30 | D        | Killed from afar by a shadow imp

Illustrated notes

Levels and vault maps discovered:
D:        linesprint [early_d, line_temple, items_1, d_10, items_2, lair_1,
          lair_end, items_3, orc_1, orc_end, items_4, d_15, swamp_1, shoals_1,
          snake_1, spider_1, d_20, vaults_1, items_5, swamp_end, shoals_end,
          snake_end, spider_end, vaults_end, d_27, items_6, zot_1, zot_end,
          crypt_end, forest_end, elf_end, slime_end, tomb_end, abyss_end,
          pan_hell_end]

Skill      XL: |  1 |
---------------+----+-----
Throwing       | 2 |  2.3
Axes           | 3 |  3.1
Dodging        | 3 |  3.1
Fighting       | |  2.6

Action                     || total
---------------------------++-------
  Melee: War axe           ||    18
 Armour: Leather armour    ||     8
  Dodge: Dodged            ||    12

Table legend: (Time is in decaauts)
 A = Elapsed time spent in this place.
 B = Non-inter-level travel time spent in this place.
 C = Inter-level travel time spent in this place.
 D = Time resting spent in this place.
 E = Time spent auto-exploring this place.
 F = Levels seen in this place.
 G = Mean time per level.
                   A        B        C        D        E       F      G
               +--------+--------+--------+--------+--------+-----+--------+
         Total |     36 |     36 |      0 |      0 |      0 |   1 |   36.0 |
       Dungeon |     36 |     36 |      0 |      0 |      0 |   1 |   36.0 |
               +--------+--------+--------+--------+--------+-----+--------+

Top non-repeatable levels by time:
       D: 36 daAuts
